 Dungeon Crawl Stone Soup version 0.30-a0-1114-gd936c97349 (webtiles) character file.

Game seed: 4565481763839243095

3423 jasper the Grappler (level 9, -13/136 HPs)
             Began as a Troll Delver on Apr 19, 2023.
             Mangled by a wyvern (16 damage)
             ... on level 9 of the Dungeon on Apr 20, 2023.
             The game lasted 00:09:19 (3022 turns).

jasper the Grappler (Troll Delver)                  Turns: 3022, Time: 00:09:19

Health: -13/136    AC:  4    Str: 24    XL:     9   Next: 76%
Magic:  8/8        EV: 11    Int:  8    God:
Gold:   228        SH:  0    Dex: 11    Spells: 8/8 levels left

rFire   . . .      SeeInvis .      - Unarmed
rCold   . . .      Faith    .    (no shield)
rNeg    . . .      Spirit   .    a - +0 robe
rPois   .          Reflect  .    (helmet restricted)
rElec   .          Rampage  .    (no cloak)
rCorr   .                        (gloves unavailable)
Will    .....                    (boots unavailable) Stlth
                                 (no amulet)
HPRegen 1.22/turn                (no ring)
MPRegen 0.11/turn                (no ring)

@: berserking, very quick
A: large, unfitting armour, claws 3, regeneration 1, shaggy fur 1, tough skin 1
a: no special abilities


You were on level 9 of the Dungeon.
You visited 1 branch of the dungeon, and saw 5 of its levels.
You also visited: Ossuary.

You collected 228 gold pieces.

Inventory:

Missiles
 s - 3 stones (quivered)
Armour
 a - a +0 robe (worn)
Wands
 f - a wand of digging (3)
 o - a wand of charming (9)
Scrolls
 b - 2 scrolls of fog
 c - 2 scrolls of magic mapping
 d - 3 scrolls of fear
 j - a scroll of identify
 n - a scroll of blinking
Potions
 e - a potion of haste
 g - a potion of ambrosia
 h - 2 potions of lignification
 k - a potion of heal wounds
 l - a potion of cancellation
 m - a potion of mutation
 p - a potion of brilliance {unknown}
 q - a potion of curing {unknown}
 r - a potion of degeneration {unknown}


   Skills:
 + Level 6.3 Fighting
 + Level 6.0 Dodging
 - Level 2.7 Stealth
 * Level 10.1 Unarmed Combat


You had 8 spell levels left.
You didn't know any spells.
Your spell library contained the following spells:

 Spells                   Type           Power      Damage    Failure   Level
 Foxfire                  Conj/Fire      0%         2x1d4     41%         1
 Vhi's Electric Charge    Tloc/Air       0%         N/A       78%         3
 Arcjolt                  Conj/Air       0%         1d10      100%        5
 Fireball                 Conj/Fire      0%         3d3       100%        5
 Plasma Beam              Fire/Air       0%         2x1d11    100%        6
 Starburst                Conj/Fire      0%         6d3       100%        6


Dungeon Overview and Level Annotations

Branches:
Dungeon (9/15)            Ossuary (visited)
 Temple: D:4-7         Lair: D:8-11         Orc: D:9-12

Altars:
Ashenzari
Fedhas
Hepliaklqana
Kikubaaqudgha
Yredelemnul

Shops:
D:6 :


Innate Abilities, Weirdness & Mutations

You are too large for most types of armour.
You have claws for hands.
Your natural rate of healing is unusually fast.
You are covered in fur. (AC +1)
You have tough skin. (AC +1)


Message History

You kill the wyvern!
Your Dodging skill increases to level 6!
You regained 2 hp, and now have 29/91 hp.
You mangle the kobold!!
You kill the kobold!
You barely miss the kobold. You closely miss the kobold.
The kobold hits you with a +0 short sword.
You take 2 damage, and have 29/91 hp.
You claw the kobold!
You kill the kobold!
You claw the kobold!
You kill the kobold!
You claw the kobold!
You kill the kobold!
You scratch the wyvern but do no damage.
Your claw misses the wyvern. The wyvern bites you!
* * * LOW HITPOINT WARNING * * *
You take 12 damage, and have 20/91 hp.
You claw the wyvern!
The wyvern is severely wounded.
The wyvern bites you.
* * * LOW HITPOINT WARNING * * *
You take 2 damage, and have 18/91 hp.
A red film seems to cover your vision as you go berserk!
You feel yourself moving faster!
You feel mighty! The wyvern bites you!
* * * LOW HITPOINT WARNING * * *
A kobold comes into view. It is wielding a +0 dagger.
The wyvern bites you!
* * * LOW HITPOINT WARNING * * *
You now have 1/136 hp.
You barely miss the wyvern. Your claw misses the wyvern.
The wyvern is severely wounded.
The wyvern bites you but does no damage.
You closely miss the wyvern.
The wyvern is severely wounded.
You closely miss the wyvern.
The wyvern is severely wounded.
The wyvern bites you!
You die...

........ ...
......# ..
........ ..
..l..K.# #.
..K#KK# #..
..##KK# ####..#
#.#ll$#
......)###.#<###
#.@lKK#.#
####K.).#
#.......#
#........#
#..........
.........K....
##...###.....##
#.#. .......#
#... ........


You could see a wyvern, a kobold brigand and 3 kobolds.

Vanquished Creatures
  A two-headed ogre (D:8)
  2 yaks
  4 wyverns
  2 water moccasins
  A black bear (D:7)
  An orc warrior (D:7)
  A sky beast (D:8)
  An ice beast (D:7)
  A centaur (D:8)
  A phantom (D:5)
  2 kobold brigands
  4 bullfrogs
  2 scorpions (D:6)
  A gnoll sergeant (D:8)
  5 hounds
  A gnoll bouda (D:7)
  A jelly (D:6)
  5 orc priests
  3 iguanas
  2 orc wizards (D:7)
  2 mummies (Ossuary)
  10 gnolls
  A white imp (D:7)
  An ufetubus (D:7)
  7 adder zombies (Ossuary)
  22 orcs
  A gnoll zombie (Ossuary)
  A hobgoblin zombie (Ossuary)
  15 kobolds
  7 kobold zombies (Ossuary)
  6 orc zombies (Ossuary)
114 creatures vanquished.

Vanquished Creatures (others)
  3 fungi (D:7)
  A plant (D:9)
4 creatures vanquished.

Grand Total: 118 creatures vanquished

Notes
Turn   | Place    | Note
-------+----------+-------------------------------------------
     0 | D:5      | jasper the Troll Delver began the quest for the Orb.
     0 | D:5      | Reached XP level 1. HP: 22/22 MP: 0/0
     6 | D:6      | Noticed a bullfrog
    12 | D:6      | Killed a bullfrog
    13 | D:6      | Reached skill level 3 in Unarmed Combat
    13 | D:6      | Reached XP level 2. HP: 11/29 MP: 1/1
    13 | D:6      | Reached XP level 3. HP: 14/36 MP: 2/2
    78 | D:6      | Noticed a water moccasin
   101 | D:6      | Reached XP level 4. HP: 41/45 MP: 3/3
   171 | D:5      | Reached skill level 4 in Unarmed Combat
   171 | D:5      | Reached XP level 5. HP: 47/53 MP: 4/4
   209 | D:5      | Noticed a phantom
   216 | D:5      | Killed a phantom
   319 | D:5      | Noticed an orc warrior
   347 | D:6      | Reached XP level 6. HP: 57/61 MP: 5/5
   422 | D:6      | Reached skill level 5 in Unarmed Combat
   498 | D:6      | Upgraded the game from 0.30-a0-1112-gfb780f5df6 to
                  | 0.30-a0-1114-gd936c97349
   540 | D:6      | Killed a water moccasin
   541 | D:6      | Reached XP level 7. HP: 66/68 MP: 6/6
   579 | D:6      | Found a broken altar of Ashenzari.
   590 | D:6      | Saw a vision of the Swamp and the Spider Nest.
   590 | D:6      | Noticed a will-o-the-wisp
   590 | D:6      | Noticed a culicivora
   590 | D:6      | Noticed a spriggan druid
   590 | D:6      | Noticed a pharaoh ant
   590 | D:6      | Noticed a redback
   590 | D:6      | Noticed a redback
   590 | D:6      | Noticed a tarantella
   590 | D:6      | Noticed a jumping spider
   590 | D:6      | Noticed a redback
   590 | D:6      | Noticed a culicivora
   590 | D:6      | Noticed a culicivora
   592 | D:6      | Noticed a redback
   592 | D:6      | Noticed a meliai
   594 | D:6      | Noticed a culicivora
   597 | D:6      | Noticed a jumping spider
   597 | D:6      | Noticed a will-o-the-wisp
   599 | D:6      | Noticed a redback
   602 | D:6      | Noticed a pharaoh ant
   608 | D:6      | Noticed a pharaoh ant
   854 | D:6      | Found Foxtysm's Book Boutique.
   884 | D:6      | Reached skill level 6 in Unarmed Combat
  1394 | D:7      | Found a sand-covered staircase.
  1400 | Ossuary  | Entered an ossuary
  1662 | D:7      | Reached XP level 8. HP: 24/79 MP: 7/7
  1732 | D:7      | Reached skill level 7 in Unarmed Combat
  1845 | D:8      | Found a hazy altar of Hepliaklqana.
  1845 | D:8      | Found a basalt altar of Yredelemnul.
  1847 | D:8      | Found a blossoming altar of Fedhas.
  1847 | D:8      | Found an ancient bone altar of Kikubaaqudgha.
  1877 | D:8      | Noticed a two-headed ogre
  1887 | D:8      | Killed a two-headed ogre
  1888 | D:8      | Reached skill level 5 in Fighting
  1888 | D:8      | Reached skill level 5 in Dodging
  1888 | D:8      | Reached skill level 8 in Unarmed Combat
  1894 | D:8      | Reached XP level 9. HP: 28/88 MP: 8/8
  2472 | D:7      | Reached skill level 9 in Unarmed Combat
  2849 | D:8      | HP: 4/89 [yak (13)]
  3000 | D:9      | Reached skill level 10 in Unarmed Combat
  3019 | D:9      | HP: 1/136 [wyvern (14)]
  3022 | D:9      | Mangled by a wyvern

Illustrated notes

Levels and vault maps discovered:
D:5:      layout_layer_cave, mainiacjoe_overflow_alcove_4,
          minmay_fractal_squares_gapless_5
D:6:      layout_loops_ring, grunt_ashenzari_visionary
          [grunt_ashenzari_visionary_swamp, grunt_ashenzari_visionary_spider],
          serial_shops, shop, grunt_ministairs_7, kennysheep_path_1, hex_tiny
D:7:      layout_gridville, enter_ossuary_3, water_boxes_lemuel
D:8:      layout_gridville, grunt_temple_overflow_open, serial_bayou_pond_e,
          kennysheep_generic_room_4
D:9:      layout_rooms, minmay_lair_entry_grove, gammafunk_ghost_arena,
          palyth_stone_intersect

Skill      XL: |  1  2  3  4  5  6  7  8  9 |
---------------+----------------------------+-----
Dodging        | 2 3 4 5 6 |  6.0
Unarmed Combat | 3 4 5 6 8 10 | 10.1
Fighting       | 3 4 5 6 |  6.3
Stealth        | |  2.7

Action                     |  1- 3 |  4- 6 |  7- 9 || total
---------------------------+-------+-------+-------++-------
  Melee: Unarmed           |    12 |    76 |   305 ||   393
         Punch             |       |       |     9 ||     9
  Throw: Stone             |       |       |    28 ||    28
  Evoke: Wand              |       |       |     2 ||     2
    Use: Scroll            |       |       |    12 ||    12
         Potion            |       |       |     6 ||     6
   Stab: Sleeping          |       |     2 |     2 ||     4
         Distracted        |       |       |     1 ||     1
 Armour: Robe              |     1 |    19 |    68 ||    88
  Dodge: Dodged            |     7 |    32 |   149 ||   188

Table legend: (Time is in decaauts)
 A = Elapsed time spent in this place.
 B = Non-inter-level travel time spent in this place.
 C = Inter-level travel time spent in this place.
 D = Time resting spent in this place.
 E = Time spent auto-exploring this place.
 F = Levels seen in this place.
 G = Mean time per level.
                   A        B        C        D        E       F      G
               +--------+--------+--------+--------+--------+-----+--------+
         Total |   2981 |   2856 |    125 |    364 |   1506 |   6 |  496.8 |
       Dungeon |   2784 |   2659 |    125 |    364 |   1448 |   5 |  556.8 |
       Ossuary |    197 |    197 |      0 |      0 |     58 |   1 |  197.0 |
               +--------+--------+--------+--------+--------+-----+--------+

Top non-repeatable levels by time:
     D:6: 1173 daAuts
     D:7: 918 daAuts
     D:8: 420 daAuts
     D:5: 222 daAuts
 Ossuary: 197 daAuts
     D:9: 48 daAuts
